 Dungeon Crawl Stone Soup version 0.19-a0-526-gbe2e51c (webtiles) character file.

86 Kidiri the Firebug (level 4, -2/24 HPs)
             Began as a Deep Elf Fire Elementalist on June 7, 2016.
             Slain by an orc
             ... wielding a +0 club
              (5 damage)
             ... on level 3 of the Dungeon.
             The game lasted 00:10:10 (2297 turns).

Kidiri the Firebug (Deep Elf Fire Elementalist)     Turns: 2297, Time: 00:10:11

Health: -2/24      AC:  3    Str:  5    XL:     4   Next: 26%
Magic:  3/12       EV: 13    Int: 26    God:
Gold:   129        SH:  0    Dex: 15    Spells: 4 memorised, 2 levels left

rFire  . . .     SeeInvis .     f - +0 dagger
rCold  . . .     Gourm    +     a - +0 robe
rNeg   . . .     Faith    .     (no shield)
rPois  .         Spirit   .     (no helmet)
rElec  .         Dismiss  .     n - +0 cloak
rCorr  .         Reflect  .     (no gloves)
SustAt .         Harm     .     (no boots)
MR     .....                    s - amulet of the gourmand
Stlth  ++........               (no ring)
                                (no ring)

@: brilliant, very slightly contaminated, not resistant to hostile enchantments,
unstealthy
A: no striking features
a: no special abilities


You were on level 3 of the Dungeon.
You were not hungry.

You visited 1 branch of the dungeon, and saw 3 of its levels.

You collected 129 gold pieces.

Inventory:

Hand Weapons
 f - a +0 dagger (weapon)
Armour
 a - a +0 robe (worn)
 n - a +0 cloak (worn)
Jewellery
 s - an amulet of the gourmand (around neck)
Scrolls
 g - a scroll of enchant weapon {unknown}
 k - 2 scrolls of noise {unknown}
 l - a scroll of teleportation {unknown}
 q - 3 scrolls of identify {unknown}
Potions
 e - a potion of brilliance
 i - a potion of degeneration {unknown}
 j - a potion of curing {unknown}
 m - a potion of magic {unknown}
 o - a potion of lignification {unknown}
 p - a potion of heal wounds {unknown}
 r - a potion of haste {unknown}
Books
 b - a book of Flames

   Spells                             Type                      Level
   a - Flame Tongue                   Conjuration/Fire             1
   b - Throw Flame                    Conjuration/Fire             2
   c - Conjure Flame                  Conjuration/Fire             3
   d - Inner Flame                    Hexes/Fire                   3
   e - Sticky Flame                   Conjuration/Fire             4
   f - Fireball                       Conjuration/Fire             5
Comestibles
 c - a bread ration
 d - a meat ration
 h - a beef jerky


   Skills:
 - Level 2.4 Dodging
 - Level 2.4 Stealth
 * Level 4.1 Spellcasting
 * Level 2.9 Conjurations
 * Level 4.2 Fire Magic


You had 2 spell levels left.
You knew the following spells:

 Your Spells              Type           Power        Failure   Level  Hunger
a - Flame Tongue          Conj/Fire      #####        1%          1    None
b - Throw Flame           Conj/Fire      #####.       1%          2    None
c - Conjure Flame         Conj/Fire      #####...     1%          3    ##.....
d - Inner Flame           Hex/Fire       ####....     1%          3    ##.....


Dungeon Overview and Level Annotations

Branches:
Dungeon (3/15)

Altars:
Cheibriados
Dithmenos
Fedhas


Message History

You feel clever all of a sudden.
The orc wizard hits you but does no damage.
The orc barely misses you.
The orc priest casts a cantrip, but nothing happens.
The hobgoblin hits you with a club.
* * * LOW HITPOINT WARNING * * *
The orc hits you but does no damage.
Casting: Flame Tongue
Confirm with . or Enter, or press ? or * to list all spells.
Aiming: Flame Tongue
Press: ? - help, Shift-Dir - straight line, f/p - orc priest
Aim: an orc priest, wearing a ring mail (almost dead)
The flame tongue hits the orc priest.
You kill the orc priest!
Your Spellcasting skill increases to level 4!
You have reached level 4!
You feel clever.
The orc wizard hits you but does no damage.
The orc hits you with a club.
You die...

#.##.###.##
#.##.#....
#.##.#.#.#
#.#....#.##
#.#.#.....##
#.#.#####..###
# ....
#....#######.##
.##
#.....[.og....#
.
#.......@o....#
.
#.......o[....#
#######...>...#
#...!...#
#########


You could see an orc wizard, 2 orcs and a hobgoblin.

Vanquished Creatures
  An orc priest (D:3)
  An adder (D:2)
  2 oozes
  2 giant geckos
  6 bats
  3 giant cockroaches
  6 hobgoblins
  4 jackals (D:1)
  4 kobolds
  A quokka (D:2)
  A goblin (D:1)
  6 rats (D:1)
37 creatures vanquished.

Notes
Turn   | Place    | Note
--------------------------------------------------------------
     0 | D:1      | Kidiri the Deep Elf Fire Elementalist began the quest for the Orb.
     0 | D:1      | Reached XP level 1. HP: 10/10 MP: 6/6
   281 | D:1      | Reached XP level 2. HP: 15/15 MP: 6/8
   285 | D:1      | Learned a level 2 spell: Throw Flame
  1039 | D:1      | Reached XP level 3. HP: 19/19 MP: 6/10
  1044 | D:1      | Learned a level 3 spell: Conjure Flame
  1048 | D:1      | Learned a level 3 spell: Inner Flame
  1772 | D:2      | Found a blossoming altar of Fedhas.
  1772 | D:2      | Found a snail-covered altar of Cheibriados.
  2029 | D:2      | Found a shadowy altar of Dithmenos.
  2297 | D:3      | Reached XP level 4. HP: 3/24 MP: 3/12
  2297 | D:3      | Slain by an orc

Vault maps used:
D:1:      dpeg_arrival_signposts
D:2:      lemuel_round_altar, gammafunk_temple_overflow_pools, minmay_cupped
D:3:      lemuel_blue_sif_altar

Skill      XL: |  1  2  3 |
---------------+----------+-----
Conjurations   | 2 |  2.9
Fire Magic     | 4 |  4.2
Spellcasting   | 4 |  4.1
Dodging        | |  2.4
Stealth        | |  2.4

Action                   |  1- 3 |  4- 6 || total
-------------------------+-------+-------++-------
Melee: Dagger            |     5 |       ||     5
 Cast: Flame Tongue      |    67 |     1 ||    68
       Throw Flame       |    17 |       ||    17
  Use: Potion            |     1 |       ||     1
  Eat: Chunk             |     8 |       ||     8
Armor: Robe              |     8 |     1 ||     9
Dodge: Dodged            |    28 |       ||    28
